Map: Ephemeron LE

Players

Zest

  • Race: Protoss Protoss
  • Spawn Location: 11:00

Neeb - Winner!

  • Race: Protoss Protoss
  • Spawn Location: 5:00

VOD

Have the link to the VOD?

Description

Time

  • Played on: Jan. 7, 2020, 6:26 p.m.
  • Length: 7:06
Show
View Real Time Build Order
Export as new Build Order

Zest Protoss 

Build Orders: Colossus Rush 

Get SALT Encoding   

  12  0:00  Probe  
  13  0:13  Probe  
  14  0:17  Pylon  
  14  0:25  Probe (Chrono Boost)  
  15  0:37  Probe (Chrono Boost), Gateway  
  16  0:44  Probe (Chrono Boost)  
  16  0:47  Assimilator  
  17  0:51  Probe  
  17  0:55  Assimilator  
  18  1:03  Probe (Chrono Boost)  
  19  1:08  Gateway  
  19  1:13  Probe (Chrono Boost)  
  19  1:18  Probe (Chrono Boost)  
  20  1:25  Cybernetics Core  
  21  1:29  Probe  
  22  1:37  Pylon  
  22  1:41  Probe  
  23  1:55  Probe  
  24  2:01  Stalker  
  24  2:04  Warp Gate  
  28  2:10  Robotics Facility  
  28  2:15  Stalker  
  28  2:23  Pylon  
  28  2:31  Stalker  
  30  2:45  Stalker  
  32  2:54  Immortal (Chrono Boost)  
  36  3:02  Pylon  
  36  3:05  Sentry  
  38  3:22  Warp Prism (Chrono Boost)  
  40  3:31  Shield Battery  
  38  3:52  Immortal  
  42  4:01  Stalker x2  
  46  4:07  Pylon  
  46  4:32  Immortal (Chrono Boost)  
  46  4:33  Robotics Bay  
  50  4:55  Pylon  
  50  4:58  Gateway  
  54  5:14  Pylon  
  54  5:18  Colossus (Chrono Boost)  
  54  5:26  Gateway  
  54  5:28  Sentry  
  58  5:41  Zealot  
  60  5:44  Pylon  
  60  5:52  Stalker  
  60  5:54  Zealot  
  64  6:06  Observer  
  65  6:17  Sentry, Zealot x2  
  71  6:24  Pylon  
  69  6:38  Zealot x2  
  69  6:39  Zealot  
Show
View Real Time Build Order
Export as new Build Order

Neeb Protoss - Winner!

Build Orders:  

Get SALT Encoding   

  12  0:00  Probe  
  13  0:12  Probe  
  14  0:17  Pylon  
  14  0:24  Probe (Chrono Boost)  
  15  0:37  Probe (Chrono Boost)  
  15  0:39  Gateway  
  16  0:44  Probe (Chrono Boost)  
  16  0:47  Assimilator  
  17  0:51  Probe  
  17  0:55  Assimilator  
  18  1:03  Probe (Chrono Boost)  
  19  1:08  Gateway  
  19  1:13  Probe (Chrono Boost)  
  19  1:18  Probe (Chrono Boost)  
  21  1:27  Cybernetics Core  
  21  1:29  Probe  
  22  1:36  Pylon  
  22  1:41  Probe  
  23  1:54  Probe  
  24  2:01  Warp Gate (Chrono Boost)  
  24  2:04  Sentry, Stalker  
  24  2:06  Pylon  
  28  2:30  Sentry  
  28  2:34  Stalker  
  28  2:35  Probe  
  33  2:43  Nexus  
  33  2:53  Probe  
  33  2:56  Stalker  
  36  3:02  Pylon  
  36  3:05  Probe  
  37  3:08  Sentry  
  39  3:17  Shield Battery  
  39  3:23  Robotics Facility  
  39  3:29  Shield Battery  
  39  3:33  Probe  
  38  3:43  Stalker  
  40  3:51  Stalker  
  42  4:09  Immortal (Chrono Boost)  
  42  4:12  Adept  
  42  4:16  Shield Battery  
  48  4:21  Adept  
  50  4:32  Adept  
  52  4:43  Warp Prism (Chrono Boost)  
  54  4:53  Pylon  
  54  4:55  Sentry  
  54  4:57  Stalker  
  58  5:10  Immortal (Chrono Boost)  
  60  5:20  Adept x2  
  64  5:25  Pylon  
  64  5:32  Probe (Chrono Boost)  
  64  5:33  Probe (Chrono Boost)  
  66  5:44  Probe (Chrono Boost)  
  68  5:50  Probe (Chrono Boost)  
  68  5:52  Probe (Chrono Boost)  
  68  5:53  Immortal  
  68  5:56  Probe (Chrono Boost)  
  74  6:01  Robotics Bay  
  74  6:12  Pylon  
  74  6:15  Stalker x2  
  78  6:23  Shield Battery  
  78  6:26  Shield Battery  
  76  6:47  Zealot x2  
Tags
 
Add a new tag
Caveats
  • Supply blocks, unpowered buildings, or Contaminate may cause inaccurate times.
  • Supply counts are checked every 10 seconds.